[Event "Titled Tuesday Blitz May 10 Late 2022"]
[White "Dimakiling, Oliver"]
[Black "Dilmukhametov, Artur"]
[WhiteFideId "5202248"]
[BlackFideId "24179922"]
[WhiteElo "2426"]
[BlackElo "2206"]
[Result "1/2-1/2"]
[Round "02"]
[TimeControl "180+1"]
[Date "2022.05.11"]
[WhiteClock "0:00:04"]
[BlackClock "0:00:07"]

1. e4 e6 2. d3 d5 3. Nd2 Nf6 4. Ngf3 Nc6 5. c3 dxe4 6. dxe4 e5 7. Bb5 Bd6 8. O-O O-O 9. Re1 Qe7 10. h3 Be6 11. a4 a6 12. Bf1 a5 13. Nc4 Bc5 14. Bg5 h6 15. Bh4 Rad8 16. Qc2 Bxc4 17. Bxc4 g5 18. Bg3 Nh5 19. Bh2 Nf4 20. Rad1 Qf6 21. Bxf4 Qxf4 22. Bd5 Ne7 23. Bxb7 Ng6 24. Qc1 Qg3 25. Nd4 Bxd4 26. cxd4 Qb3 27. Bd5 Qxa4 28. dxe5 Nxe5 29. Qxc7 Ng6 30. b3 Qb4 31. Ra1 Nf4 32. Qxa5 Nxd5 33. exd5 Qxb3 34. Rad1 Rd6 35. Rd2 Rfd8 36. Red1 Qb6 37. Qc3 Qb5 38. Qf3 Kg7 39. h4 Qd7 40. Rd4 Qe7 41. g3 Qe5 42. Kg2 Rf6 43. Qg4 Rfd6 44. hxg5 hxg5 45. Re4 Qf6 46. Rf4 Qg6 47. Rf5 f6 48. Qe4 R8d7 49. Rd4 Qf7 50. f4 gxf4 51. Qxf4 Rxd5 52. Qg4+ Kf8 53. Rfxd5 Rxd5 54. Qc8+ Kg7 55. Rg4+ Rg5 56. Rxg5+ fxg5 57. Qc3+ Qf6 58. Qc5 Kg6 59. g4 Qf4 60. Qc2+ Kf6 61. Qc3+ Ke6 62. Qb3+ Ke5 63. Qc3+ Qd4 64. Qc7+ Ke4 65. Qe7+ Kf4 66. Qf7+ Ke3 67. Qf3+ Kd2 68. Qf5 Qe3 69. Qd5+ Ke2 70. Qc4+ Qd3 71. Qe6+ Kd2 72. Qf5 Qe2+ 73. Kg3 Qe3+ 74. Kg2 Ke2 75. Qf1+ Kd2 76. Qf5 Qe2+ 77. Kg3 Qe3+ 78. Kg2 1/2-1/2


[Site "https://www.chess.com"]

[Event "Titled Tuesday Blitz May 10 Late 2022"]
[White "Djokic, Mihailo"]
[Black "Gutierrez Olivares, Daniel"]
[WhiteFideId "976440"]
[BlackFideId "2264005"]
[WhiteElo "2202"]
[BlackElo "2317"]
[Result "1-0"]
[Round "02"]
[TimeControl "180+1"]
[Date "2022.05.11"]
[WhiteClock "0:02:13"]
[BlackClock "0:02:02"]

1. e4 e6 2. d4 d5 3. Nc3 Bb4 4. e5 Ne7 5. a3 Ba5 6. h4 Bb6 7. h5 Nf5 8. Nce2 Nc6 9. c3 f6 10. g4 Nfe7 11. h6 fxe5 12. hxg7 Rg8 13. Rxh7 Ng6 14. Qd3 e4 15. Qh3 Qf6 16. Qh6 Nb8 17. Bg5 Qf7 18. Rh8 Nc6 19. Rxg8+ 1-0


[Site "https://www.chess.com"]

[Event "Titled Tuesday Blitz May 10 Late 2022"]
[White "Wagner, Dinara"]
[Black "Kamsky, Gata"]
[WhiteFideId "24157570"]
[BlackFideId "2000024"]
[WhiteElo "2216"]
[BlackElo "2645"]
[Result "0-1"]
[Round "02"]
[TimeControl "180+1"]
[Date "2022.05.10"]
[WhiteClock "0:00:06"]
[BlackClock "0:00:55"]

1. d4 Nf6 2. c4 g6 3. Nf3 Bg7 4. Nc3 O-O 5. g3 c6 6. e4 d6 7. Bg2 Bg4 8. h3 Bxf3 9. Bxf3 Qb6 10. O-O Nfd7 11. d5 a5 12. Qc2 Na6 13. Be3 Nac5 14. Bg2 Qb4 15. Rfd1 Qxc4 16. Bf1 Qb4 17. a3 Qb3 18. Qxb3 Nxb3 19. Rab1 Nbc5 20. b4 axb4 21. axb4 Bxc3 22. bxc5 Nxc5 23. Bxc5 dxc5 24. Rxb7 cxd5 25. exd5 Bf6 26. Bc4 Rfb8 27. Rd7 Rb4 28. Rc1 Raa4 29. Bf1 c4 30. d6 exd6 31. Rxd6 Kg7 32. Bg2 Ra7 33. Bd5 c3 34. Rxf6 Kxf6 35. Rxc3 Ke5 36. Bf3 f5 37. Re3+ Kf6 38. Bd5 Re7 39. Rc3 Rd7 40. Bf3 Rb6 41. h4 Rd2 42. Ba8 Rb1+ 43. Kg2 Rbb2 44. Rf3 h6 45. Bc6 Ke5 46. Ba8 g5 47. hxg5 hxg5 48. Bc6 g4 49. Rf4 Rd1 50. Be8 Rbb1 51. f3 Rd2# 0-1


[Site "https://www.chess.com"]

[Event "Titled Tuesday Blitz May 10 Late 2022"]
[White "Dourerassou, Jonathan"]
[Black "Sarkar, Justin"]
[WhiteFideId "628050"]
[BlackFideId "2010011"]
[WhiteElo "2499"]
[BlackElo "2020"]
[Result "1-0"]
[Round "02"]
[TimeControl "180+1"]
[Date "2022.05.11"]
[WhiteClock "0:01:06"]
[BlackClock "0:00:01"]

1. f4 b5 2. Nf3 Bb7 3. e3 a6 4. a4 b4 5. Bc4 Nf6 6. O-O e6 7. b3 Be7 8. Bb2 O-O 9. d4 c5 10. Nbd2 d5 11. Bd3 Nbd7 12. Ne5 Nxe5 13. fxe5 Ne4 14. Nxe4 dxe4 15. Bc4 cxd4 16. exd4 Bd5 17. Qe2 a5 18. Rad1 f5 19. exf6 Bxf6 20. Bb5 Qb6 21. Kh1 Rac8 22. h3 Rc7 23. Rd2 Rfc8 24. Ba6 Ra8 25. Bb5 Bg5 26. Rdd1 Rac8 27. Qg4 Bh6 28. Rf6 Rxc2 29. Rxh6 Rxb2 30. Bd7 Rf8 31. Bxe6+ Bxe6 32. Rxe6 Qc7 33. Rxe4 Qc2 34. Rg1 Rxb3 35. Re7 Qg6 36. Qe2 Rb1 37. d5 Rxg1+ 38. Kxg1 b3 39. Rb7 1-0


[Site "https://www.chess.com"]

[Event "Titled Tuesday Blitz May 10 Late 2022"]
[White "Dubov, Daniil"]
[Black "Shapiro, David"]
[WhiteFideId "24126055"]
[BlackFideId "24133523"]
[WhiteElo "2791"]
[BlackElo "2300"]
[Result "1-0"]
[Round "02"]
[TimeControl "180+1"]
[Date "2022.05.11"]
[WhiteClock "0:00:18"]
[BlackClock "0:00:06"]

1. e4 e5 2. Nf3 Nf6 3. Nc3 Nc6 4. d4 exd4 5. Nxd4 Bb4 6. Nxc6 bxc6 7. Bd3 O-O 8. O-O d5 9. exd5 cxd5 10. h3 c6 11. Qf3 Bd6 12. Bf4 Rb8 13. b3 Rb4 14. Bxd6 Qxd6 15. Rad1 Re8 16. Rfe1 Be6 17. Ne2 Rbb8 18. c4 Qa3 19. Nd4 Qxa2 20. Nxc6 Rbc8 21. Nb4 Qa5 22. cxd5 Nxd5 23. Nxd5 Bxd5 24. Rxe8+ Rxe8 25. Bxh7+ Kxh7 26. Rxd5 Qc7 27. g3 g6 28. h4 Kg7 29. h5 Re6 30. hxg6 Rxg6 31. Qd3 Qc1+ 32. Kg2 Qc6 33. Qf3 Qb6 34. Rf5 Qc7 35. b4 Qd7 36. Qc3+ Kg8 37. Rc5 Qb7+ 38. Kg1 Kh7 39. Rh5+ Rh6 40. Qd3+ Kg7 41. Rg5+ Rg6 42. Rxg6+ fxg6 43. Qd4+ Kh7 44. Kh2 a6 45. Qd6 Qb5 46. Qe7+ Kg8 47. Qe6+ Kg7 48. Qe7+ Kg8 49. Qe4 Kg7 50. Kg2 Kf7 51. Kf3 Kg7 52. Kf4 Qf1 53. Qe7+ Kg8 54. Kg5 Qxf2 55. Qe8+ Kg7 56. Qxg6+ Kf8 57. Qf6+ Qxf6+ 58. Kxf6 1-0


[Site "https://www.chess.com"]

[Event "Titled Tuesday Blitz May 10 Late 2022"]
[White "Erdogdu, Mert"]
[Black "Andreikin, Dmitry"]
[WhiteFideId "6301495"]
[BlackFideId "4158814"]
[WhiteElo "2451"]
[BlackElo "2736"]
[Result "0-1"]
[Round "02"]
[TimeControl "180+1"]
[Date "2022.05.10"]
[WhiteClock "0:00:08"]
[BlackClock "0:00:58"]

1. e4 c5 2. Nf3 Nc6 3. d4 cxd4 4. Nxd4 Qb6 5. Nb3 e6 6. Nc3 a6 7. Bd3 Nf6 8. Be3 Qc7 9. f4 d6 10. Qf3 b5 11. e5 dxe5 12. fxe5 Nd7 13. Be4 Ncxe5 14. Qg3 Bb7 15. O-O-O Rc8 16. Bxb7 Qxb7 17. Bf4 b4 18. Ne2 Ng6 19. Kb1 Be7 20. h4 O-O 21. Bc1 Qe4 22. Rxd7 Qxc2+ 23. Ka1 Qxe2 24. h5 Bf6 25. Rd2 Qe5 26. Qd3 Nf4 27. Qxa6 Nd5 28. h6 gxh6 29. Re2 Qf5 30. Bxh6 Ra8 31. Qb7 Rfb8 32. Qc6 Rc8 33. Qb7 Qd3 34. Rhe1 Rcb8 35. Nc5 Qc4 0-1


[Site "https://www.chess.com"]

[Event "Titled Tuesday Blitz May 10 Late 2022"]
[White "Fishbein, Alexander"]
[Black "Jobava, Baadur"]
[WhiteFideId "2000377"]
[BlackFideId "13601520"]
[WhiteElo "2442"]
[BlackElo "2617"]
[Result "0-1"]
[Round "02"]
[TimeControl "180+1"]
[Date "2022.05.10"]
[WhiteClock "0:00:11"]
[BlackClock "0:01:26"]

1. e4 e6 2. d4 d5 3. exd5 exd5 4. Nf3 Nf6 5. Bd3 Bd6 6. Qe2+ Qe7 7. Qxe7+ Kxe7 8. O-O Rd8 9. Bg5 h6 10. Bh4 Be6 11. Re1 Nd7 12. c4 g5 13. Bg3 Bxg3 14. hxg3 dxc4 15. Bxc4 Nf8 16. Nc3 c6 17. Rad1 Rd6 18. d5 cxd5 19. Bxd5 Rad8 20. Bxb7 Rxd1 21. Nxd1 Ng6 22. Ba6 g4 23. Nh4 Nxh4 24. gxh4 Rd2 25. a3 Kd6 26. b4 Nd5 27. Bc4 Nxb4 28. Ne3 Nc2 29. Bxe6 Nxe1 30. Nc4+ Kxe6 31. Nxd2 Kd5 32. Kf1 Nc2 33. a4 Nd4 34. Ke1 a5 35. f3 gxf3 36. gxf3 Kc5 37. Kf2 Kb4 38. Ke3 Nf5+ 39. Kf4 Nxh4 40. Ne4 Kxa4 41. Nd6 f6 42. Kg4 Ng2 43. Ne4 Ne3+ 44. Kh5 f5 45. Nc5+ Kb4 46. Nd3+ Kc4 47. Nb2+ Kc3 48. Na4+ Kb4 49. Nb6 Kb5 50. Nc8 a4 51. Nd6+ Kb4 52. Nf7 a3 53. Ne5 Kc3 0-1


[Site "https://www.chess.com"]

[Event "Titled Tuesday Blitz May 10 Late 2022"]
[White "Garagulya, Konstantin"]
[Black "Ng, Gary"]
[WhiteFideId "4128931"]
[BlackFideId "2604914"]
[WhiteElo "2329"]
[BlackElo "2243"]
[Result "1-0"]
[Round "02"]
[TimeControl "180+1"]
[Date "2022.05.11"]
[WhiteClock "0:01:01"]
[BlackClock "0:00:02"]

1. d4 Nf6 2. Nf3 e6 3. Bg5 c5 4. Nbd2 cxd4 5. Nxd4 Nc6 6. Nxc6 bxc6 7. c4 d5 8. e3 Be7 9. Qc2 O-O 10. Bd3 h6 11. Bh4 Ba6 12. O-O Rb8 13. Rab1 Qa5 14. a3 Rfc8 15. e4 Qd8 16. Bg3 Rb7 17. Rfd1 d4 18. b4 Rd7 19. Nb3 Ne8 20. c5 Bxd3 21. Rxd3 Bf6 22. e5 Be7 23. Rbd1 Nc7 24. Rxd4 Rd5 25. R4d3 Nb5 26. a4 Nc7 27. Na5 Qd7 28. Nc4 Rd8 29. Nd6 Na6 30. Qc4 Nc7 31. h3 Ne8 32. b5 Nc7 33. b6 axb6 34. cxb6 Ne8 35. a5 Nxd6 36. exd6 Bxd6 37. Rxd5 cxd5 38. Qb3 Bxg3 39. fxg3 Qd6 40. b7 Rb8 41. Rc1 Qa6 42. Rc7 Kf8 43. Kh2 Kg8 44. Qb4 Kh7 45. Rxf7 Kg6 46. Rc7 e5 47. Qg4+ Kf6 48. Qxg7+ Ke6 49. Qf7+ Kd6 50. Qe7# 1-0


[Site "https://www.chess.com"]

[Event "Titled Tuesday Blitz May 10 Late 2022"]
[White "Girsh, Daniel"]
[Black "Papasimakopoulos, Alexandros"]
[WhiteFideId "30949190"]
[BlackFideId "4244125"]
[WhiteElo "2451"]
[BlackElo "2771"]
[Result "1-0"]
[Round "02"]
[TimeControl "180+1"]
[Date "2022.05.11"]
[WhiteClock "0:00:25"]
[BlackClock "0:01:37"]

1. e4 e6 2. d4 d5 3. Nc3 Bb4 4. e5 b6 5. a3 Bf8 6. Qg4 Qd7 7. h4 Ne7 8. h5 h6 9. Bd3 Ba6 10. Bxa6 Nxa6 11. Nge2 c5 12. O-O Nf5 13. a4 cxd4 14. Nxd4 Nxd4 15. Qxd4 Nb4 16. Qd2 Be7 17. Ne2 O-O 18. c3 Nc6 19. Qf4 Rad8 20. Qg3 Kh8 21. Be3 Bc5 22. Nd4 Bxd4 23. cxd4 Na5 24. Qh4 Rc8 25. f4 Rc2 26. g4 Rxb2 27. f5 exf5 28. gxf5 Qd8 29. f6 Rg8 30. Kh1 g5 31. hxg6 Rxg6 32. Bxh6 Kg8 33. Bg7 Rxg7 34. Rg1 Rg6 35. Rxg6+ fxg6 36. Rg1 Kf7 37. Qh7+ Ke6 38. Rxg6 Rb1+ 39. Kg2 Rb2+ 40. Kf1 Rb1+ 41. Ke2 Rb2+ 42. Kd1 Rb3 43. f7+ Ke7 44. f8=Q+ Kxf8 45. Rg8# 1-0


[Site "https://www.chess.com"]

[Event "Titled Tuesday Blitz May 10 Late 2022"]
[White "Godzwon, Iwo"]
[Black "Gatterer, Florian"]
[WhiteFideId "21802483"]
[BlackFideId "811688"]
[WhiteElo "2201"]
[BlackElo "2218"]
[Result "1-0"]
[Round "02"]
[TimeControl "180+1"]
[Date "2022.05.11"]
[WhiteClock "0:01:20"]
[BlackClock "0:00:06"]

1. e4 c6 2. d4 d5 3. e5 Bf5 4. Nd2 e6 5. Nb3 c5 6. dxc5 Bxc5 7. Nxc5 Qa5+ 8. c3 Qxc5 9. Be3 Qc7 10. f4 Ne7 11. Nf3 O-O 12. Be2 Nbc6 13. O-O Be4 14. Nd2 Nf5 15. Bc5 Rfd8 16. Bf2 f6 17. exf6 gxf6 18. Nxe4 dxe4 19. Qb3 Qf7 20. Bc4 Re8 21. Qc2 Na5 22. Be2 e3 23. Be1 Qc7 24. Qe4 Qc6 25. Qb4 Rac8 26. Qxa5 b6 27. Qb5 Qc7 28. a4 Qb7 29. a5 Nh4 30. Bxh4 a6 31. Qxb6 Qe4 32. Bf3 Qc2 33. Qxe3 Rcd8 34. Bxf6 Rd2 35. Rf2 Rxf2 36. Qxf2 Qd3 37. Bd4 1-0


[Site "https://www.chess.com"]

[Event "Titled Tuesday Blitz May 10 Late 2022"]
[White "Gomez Ledo, Roberto Carlos"]
[Black "Danaci, Ege"]
[WhiteFideId "3507076"]
[BlackFideId "34506748"]
[WhiteElo "2379"]
[BlackElo "1799"]
[Result "1-0"]
[Round "02"]
[TimeControl "180+1"]
[Date "2022.05.11"]
[WhiteClock "0:02:36"]
[BlackClock "0:01:00"]

1. d4 Nf6 2. Bf4 g6 3. Nc3 d5 4. Nb5 Na6 5. e3 Bg7 6. h3 O-O 7. Nf3 c5 8. c3 Bf5 9. Be2 Qb6 10. a4 c4 11. b3 cxb3 12. Qxb3 Rfc8 13. O-O Ne4 14. Rfc1 Nd6 15. Bxd6 exd6 16. Qxd5 Bf8 17. Ng5 Rc7 18. Nxc7 1-0


[Site "https://www.chess.com"]

[Event "Titled Tuesday Blitz May 10 Late 2022"]
[White "Hamley, Ryan"]
[Black "Stanisz, Patryk"]
[WhiteFideId "30959497"]
[BlackFideId "1123106"]
[WhiteElo "2501"]
[BlackElo "1833"]
[Result "1-0"]
[Round "02"]
[TimeControl "180+1"]
[Date "2022.05.11"]
[WhiteClock "0:00:15"]
[BlackClock "0:00:11"]

1. d4 d5 2. Nf3 Nf6 3. Bf4 c5 4. e3 Nc6 5. c3 e6 6. Nbd2 cxd4 7. exd4 Nh5 8. Be3 Bd6 9. Bd3 Nf4 10. Bf1 O-O 11. g3 Ng6 12. Bg2 f6 13. O-O Kh8 14. c4 b6 15. cxd5 exd5 16. Rc1 Nce7 17. Nb1 Nf5 18. Bd2 Ba6 19. Re1 Qd7 20. Nc3 Nfe7 21. h4 Rfe8 22. Kh2 Nf5 23. Bh3 Rxe1 24. Qxe1 Nge7 25. Qd1 Rc8 26. h5 Qe6 27. Nh4 Rc4 28. Nxf5 Nxf5 29. Qg4 Bc8 30. Re1 Qf7 31. Qe2 h6 32. Qe8+ Qf8 33. Qxf8+ Bxf8 34. Re8 Kg8 35. Rxc8 Rxc8 36. Bxf5 Rc4 37. Be3 b5 38. Be6+ Kh7 39. Bxd5 Rc8 40. Be6 Re8 41. d5 b4 42. Ne4 Rd8 43. Kg2 g6 44. Nxf6+ Kg7 45. Bd4 gxh5 46. Nxh5+ Kg6 47. Nf4+ Kh7 48. Kf3 Bd6 49. Ke4 a5 50. Nd3 h5 51. f4 Kh6 52. Ne5 h4 53. Nf7+ Kh5 54. Nxd8 hxg3 55. Kf3 b3 56. axb3 a4 57. bxa4 Bc5 58. Bxc5 g2 59. Kxg2 Kh4 60. f5 Kh5 61. Nf7 Kh4 62. d6 Kh5 63. d7 Kh4 64. d8=Q+ Kh5 65. Qg5# 1-0


[Site "https://www.chess.com"]

[Event "Titled Tuesday Blitz May 10 Late 2022"]
[White "Herrera Reyes, Jose Antonio"]
[Black "Castellanos Hernandez, Emilio Au"]
[WhiteFideId "2274914"]
[BlackFideId "5114179"]
[WhiteElo "2361"]
[BlackElo "2021"]
[Result "1-0"]
[Round "02"]
[TimeControl "180+1"]
[Date "2022.05.11"]
[WhiteClock "0:00:22"]
[BlackClock "0:00:04"]

1. Nf3 d5 2. g3 Nf6 3. Bg2 c5 4. O-O Nc6 5. c4 d4 6. d3 e5 7. b4 cxb4 8. a3 bxa3 9. Qa4 Bd6 10. Nxd4 exd4 11. Bxc6+ Bd7 12. Bxd7+ Qxd7 13. Qxd7+ Kxd7 14. Nxa3 Rhe8 15. Ra2 a6 16. Re1 b5 17. Kf1 Bb4 18. Rd1 Bc3 19. Nb1 b4 20. Ra5 h6 21. e3 Kc6 22. exd4 Bxd4 23. Nd2 Ng4 24. Nb3 Bxf2 25. d4 Be3 26. d5+ Kd7 27. h3 Nf6 28. c5 Bxc1 29. c6+ Kd6 30. Rxc1 Re3 31. Nd4 Re5 32. Nb5+ axb5 33. Rxa8 Rf5+ 34. Kg2 Nxd5 35. Ra7 b3 36. c7 Nxc7 37. Rcxc7 b2 38. Rd7+ Kc5 39. Rd1 Kb4 40. Rad7 Rc5 41. R7d3 Rc1 42. Rd4+ Ka3 43. R4d3+ Ka2 44. R1d2 Ka1 45. Rb3 Kb1 46. Rbxb2+ Ka1 47. Ra2+ Kb1 48. Rdb2# 1-0


[Site "https://www.chess.com"]

[Event "Titled Tuesday Blitz May 10 Late 2022"]
[White "Hess, Robert"]
[Black "Sargsyan, Anna M."]
[WhiteFideId "2022036"]
[BlackFideId "13308130"]
[WhiteElo "2557"]
[BlackElo "2271"]
[Result "0-1"]
[Round "02"]
[TimeControl "180+1"]
[Date "2022.05.10"]
[WhiteClock "0:00:04"]
[BlackClock "0:00:18"]

1. b3 e5 2. Bb2 Nc6 3. e3 Nf6 4. Ne2 d5 5. h3 Bd6 6. d3 Be6 7. a3 a6 8. Nd2 Qe7 9. g4 h5 10. g5 Nd7 11. h4 O-O-O 12. Ng3 f6 13. gxf6 gxf6 14. Qf3 e4 15. dxe4 Nde5 16. Qg2 dxe4 17. Qxe4 Kb8 18. Nf5 Qf7 19. Nxd6 Rxd6 20. Rg1 Rxd2 21. Kxd2 Bd5 22. Qa4 Nf3+ 23. Kc3 Nxg1 24. Bxa6 Nf3 25. Qb5 Na7 26. Qb4 Qe6 27. Bxb7 Bxb7 28. Qf4 Rd8 29. b4 Nb5# 0-1


[Site "https://www.chess.com"]

[Event "Titled Tuesday Blitz May 10 Late 2022"]
[White "Horcajuelo Rocamora, Martin"]
[Black "Yurovskykh, Oleksandr"]
[WhiteFideId "24573027"]
[BlackFideId "14134020"]
[WhiteElo "1822"]
[BlackElo "2292"]
[Result "0-1"]
[Round "02"]
[TimeControl "180+1"]
[Date "2022.05.11"]
[WhiteClock "0:00:16"]
[BlackClock "0:00:43"]

1. e4 e6 2. d4 d5 3. exd5 exd5 4. Bd3 Nc6 5. Nf3 Nb4 6. Be2 Bf5 7. Na3 Nf6 8. O-O Be7 9. c3 Nc6 10. b4 O-O 11. Nc2 Ne4 12. Bb2 Bd6 13. Ne3 Be6 14. Bd3 f5 15. Re1 Qf6 16. Qc2 Qh6 17. a3 g5 18. c4 g4 19. g3 Ne7 20. Nd2 c6 21. Nxe4 fxe4 22. Bf1 Rf7 23. Bc1 Qg6 24. c5 Bc7 25. Ng2 Raf8 26. Be3 Nf5 27. Qd2 h5 28. Bf4 Bd8 29. Be5 Bg5 30. Bf4 Bf6 31. Be3 Bd7 32. Nf4 Qh7 33. h4 gxh3 34. Bxh3 Nxe3 35. g4 Nxg4 0-1


[Site "https://www.chess.com"]

[Event "Titled Tuesday Blitz May 10 Late 2022"]
[White "Ibarra Jerez, Jose Carlos"]
[Black "Gurevich, Dmitry"]
[WhiteFideId "2226332"]
[BlackFideId "2000407"]
[WhiteElo "2626"]
[BlackElo "2506"]
[Result "1-0"]
[Round "02"]
[TimeControl "180+1"]
[Date "2022.05.10"]
[WhiteClock "0:00:36"]
[BlackClock "0:00:44"]

1. Nf3 Nf6 2. g3 d5 3. Bg2 c6 4. O-O Bf5 5. c4 h6 6. d3 e6 7. Be3 Nbd7 8. Qb3 Qc8 9. Nc3 Bc5 10. Bxc5 Nxc5 11. Qa3 Ncd7 12. cxd5 exd5 13. e4 dxe4 14. dxe4 Be6 15. e5 Nd5 16. Ne4 Kd8 17. Nd4 N7b6 18. Nd6 Qd7 19. f4 g6 20. Rac1 Kc7 21. b4 Kb8 22. Rc5 a6 23. Rfc1 Rc8 24. Qa5 Qc7 25. Qa3 Nd7 26. R5c2 Qb6 27. Rd2 Nxb4 28. Nxc8 Kxc8 29. Kh1 Kb8 30. Nxe6 1-0


[Site "https://www.chess.com"]

[Event "Titled Tuesday Blitz May 10 Late 2022"]
[White "Izzat, Kanan"]
[Black "Donchenko, Alexander"]
[WhiteFideId "13405209"]
[BlackFideId "24603295"]
[WhiteElo "2362"]
[BlackElo "2572"]
[Result "0-1"]
[Round "02"]
[TimeControl "180+1"]
[Date "2022.05.10"]
[WhiteClock "0:00:25"]
[BlackClock "0:00:56"]

1. e4 c6 2. d4 d5 3. e5 Bf5 4. Nd2 e6 5. Nb3 Nd7 6. Nf3 Ne7 7. Be2 h6 8. O-O g5 9. a4 Qc7 10. Bd2 Bg7 11. a5 c5 12. Nxc5 Nxc5 13. dxc5 Qxc5 14. Qe1 O-O 15. Bb4 Qc7 16. Bd6 Qd7 17. Nd4 Bg6 18. Bb5 Qd8 19. Qb4 Nf5 20. Nxf5 Bxf5 21. c3 a6 22. Ba4 Qc8 23. Bxf8 Bxf8 24. Qd4 Qc7 25. b4 Rc8 26. Rac1 Bg7 27. Rfe1 Be4 28. f4 gxf4 29. Qf2 Bxe5 30. c4 Qe7 31. c5 Qf6 32. Kh1 Bc3 33. Rf1 Bxb4 34. c6 bxc6 35. Qb6 Bd3 36. Qxb4 Bxf1 37. Rxf1 e5 38. Qb7 Qe6 39. Bxc6 Qxc6 40. Qe7 Qe6 41. Qb7 d4 42. h3 Rc2 43. Qe4 Qc6 44. Qxc6 Rxc6 45. Rb1 Rc5 0-1


[Site "https://www.chess.com"]

[Event "Titled Tuesday Blitz May 10 Late 2022"]
[White "Jacobson, Aaron"]
[Black "Holt, Conrad"]
[WhiteFideId "2089912"]
[BlackFideId "2034387"]
[WhiteElo "2265"]
[BlackElo "2586"]
[Result "1/2-1/2"]
[Round "02"]
[TimeControl "180+1"]
[Date "2022.05.10"]
[WhiteClock "0:00:12"]
[BlackClock "0:00:09"]

1. d4 d5 2. Nf3 Nf6 3. c4 c6 4. cxd5 cxd5 5. Nc3 Nc6 6. Bf4 Nh5 7. Be5 e6 8. e3 Nxe5 9. Nxe5 Nf6 10. Bb5+ Bd7 11. Qa4 a6 12. Bxd7+ Nxd7 13. Qxd7+ Qxd7 14. Nxd7 Kxd7 15. Na4 Rb8 16. Rc1 b6 17. Ke2 Bd6 18. Rc2 Rhc8 19. Rhc1 Rxc2+ 20. Rxc2 Bc7 21. h3 h5 22. f3 g5 23. e4 dxe4 24. fxe4 Rg8 25. Kd3 g4 26. Rf2 gxh3 27. gxh3 Rg3+ 28. Ke2 Ke7 29. Rf3 Rg2+ 30. Rf2 Rg5 31. Nc3 b5 32. e5 Bb6 33. Ne4 Rf5 34. Rxf5 exf5 35. Nd6 Ke6 36. Ke3 f6 37. Nc8 Bc7 38. exf6 Kxf6 39. Na7 Kg5 40. Kf3 Kh4 41. Kg2 Kg5 42. Kf3 Kh4 43. Kg2 Kg5 44. Kf3 1/2-1/2


[Site "https://www.chess.com"]

[Event "Titled Tuesday Blitz May 10 Late 2022"]
[White "Jakubowski, Krzysztof"]
[Black "Maghsoodloo, Parham"]
[WhiteFideId "1112848"]
[BlackFideId "12539929"]
[WhiteElo "2365"]
[BlackElo "2630"]
[Result "0-1"]
[Round "02"]
[TimeControl "180+1"]
[Date "2022.05.10"]
[WhiteClock "0:00:01"]
[BlackClock "0:00:11"]

1. e4 c5 2. Nc3 a6 3. g3 b5 4. Bg2 Bb7 5. d3 Nc6 6. f4 g6 7. Nf3 Bg7 8. O-O d6 9. Ne2 Nf6 10. h3 c4 11. Be3 O-O 12. Qd2 Rc8 13. g4 Qa5 14. Qd1 cxd3 15. cxd3 Nd7 16. d4 Qa4 17. b3 Qa3 18. f5 Nb4 19. Bc1 Qa5 20. Bd2 Qa3 21. Bc1 Rxc1 22. Qxc1 Qxc1 23. Rfxc1 Bxe4 24. Rc7 Rd8 25. Rac1 Kf8 26. Rc8 Ke8 27. Ng5 Bxg2 28. Rxd8+ Kxd8 29. Kxg2 Nb6 30. Nxf7+ Ke8 31. Ng5 Bh6 32. h4 gxf5 33. gxf5 Kd7 34. Nf4 Nxa2 35. Re1 Nc3 36. Re6 Bxg5 37. hxg5 a5 38. Rh6 a4 39. bxa4 bxa4 40. Rxh7 a3 41. Rh1 a2 42. Ra1 Nc4 43. g6 Ke8 44. Ne6 Ne3+ 45. Kf3 Nxf5 46. Kf4 Nh6 47. Kg5 Ng8 48. d5 Nf6 49. g7 Kf7 0-1


[Site "https://www.chess.com"]

[Event "Titled Tuesday Blitz May 10 Late 2022"]
[White "Janaszak, Dawid"]
[Black "Butti, Enrique"]
[WhiteFideId "1119206"]
[BlackFideId "3700470"]
[WhiteElo "2199"]
[BlackElo "2080"]
[Result "1-0"]
[Round "02"]
[TimeControl "180+1"]
[Date "2022.05.11"]
[WhiteClock "0:01:42"]
[BlackClock "0:01:10"]

1. e4 c5 2. Nc3 Nc6 3. Bb5 Nd4 4. Nf3 Nxb5 5. Nxb5 d6 6. d4 cxd4 7. Qxd4 a6 8. Nc3 Bg4 9. Bg5 Bxf3 10. gxf3 Qd7 11. O-O-O e6 12. f4 Rc8 13. Kb1 b5 14. f5 Rc4 15. Qd3 Qc6 16. fxe6 fxe6 17. Rhe1 Rxc3 18. bxc3 Nf6 19. Qh3 Qd7 20. e5 Nd5 21. Rxd5 1-0


[Site "https://www.chess.com"]

[Event "Titled Tuesday Blitz May 10 Late 2022"]
[White "Jeet, Jain"]
[Black "Steinberg, Nitzan"]
[WhiteFideId "5073022"]
[BlackFideId "2801795"]
[WhiteElo "2028"]
[BlackElo "2471"]
[Result "0-1"]
[Round "02"]
[TimeControl "180+1"]
[Date "2022.05.11"]
[WhiteClock "0:00:04"]
[BlackClock "0:00:08"]

1. Nf3 d5 2. e3 Nf6 3. c4 c6 4. b3 Bg4 5. Be2 Nbd7 6. Bb2 e6 7. Nc3 Bd6 8. O-O O-O 9. h3 Bh5 10. d4 a6 11. a3 b5 12. cxd5 cxd5 13. a4 b4 14. Na2 a5 15. Ne5 Bxe2 16. Qxe2 Bxe5 17. dxe5 Ne4 18. Bd4 Rc8 19. Rac1 Qe7 20. Rxc8 Rxc8 21. Rc1 Qd8 22. f3 Ng3 23. Qa6 Rxc1+ 24. Nxc1 h5 25. Qc6 h4 26. Nd3 Nf8 27. Bb6 Qg5 28. Qc8 Qf5 29. Qc2 Nd7 30. Bd4 Nb8 31. Qc8+ Kh7 32. Qc2 Nc6 33. Qd2 Qg5 34. Bb2 d4 35. Bc1 Qg6 36. exd4 Nxd4 37. Nf4 Qb1 38. Qd3+ Qxd3 39. Nxd3 Nxb3 40. Bg5 Nf5 41. Kf2 Nbd4 42. Ke1 Kg6 43. Bd2 Nc6 44. f4 Nfe7 45. Kd1 Kf5 46. Kc2 Nd5 47. Nc5 Nxf4 48. Nb7 Nxg2 49. Kb3 Nf4 50. Kc4 Nxh3 51. Kb5 Nxe5 52. Nxa5 Nf2 53. Nc6 Nxc6 54. Kxc6 b3 55. Bc3 h3 56. a5 h2 0-1


[Site "https://www.chess.com"]

[Event "Titled Tuesday Blitz May 10 Late 2022"]
[White "Jones, Gawain C B"]
[Black "Roberson, Peter T"]
[WhiteFideId "409561"]
[BlackFideId "412384"]
[WhiteElo "2657"]
[BlackElo "2346"]
[Result "1-0"]
[Round "02"]
[TimeControl "180+1"]
[Date "2022.05.10"]
[WhiteClock "0:00:05"]
[BlackClock "0:00:01"]

1. g3 e5 2. Bg2 Be7 3. d4 exd4 4. Qxd4 Nf6 5. c4 Nc6 6. Qd2 O-O 7. Nc3 Ne5 8. b3 d6 9. Bb2 c6 10. Nf3 Bg4 11. O-O Nxf3+ 12. exf3 Be6 13. Rad1 d5 14. cxd5 Nxd5 15. f4 Nf6 16. Qe2 Qc7 17. Rfe1 Rfe8 18. Ne4 Nxe4 19. Bxe4 Rad8 20. f5 Rxd1 21. Qxd1 Bc8 22. f6 Bxf6 23. Bxh7+ Kf8 24. Bxf6 gxf6 25. Rxe8+ Kxe8 26. Qd4 Qe5 27. Qxa7 f5 28. Qe3 Qxe3 29. fxe3 Kf8 30. e4 fxe4 31. Bxe4 c5 32. Kf2 b6 33. Ke3 Be6 34. Bd3 Kg7 35. Kf4 f6 36. h4 Bf7 37. g4 Be6 38. g5 Bf7 39. Bc4 Bh5 40. Kf5 Bg6+ 41. Ke6 fxg5 42. hxg5 Bb1 43. a4 Kg6 44. Kd6 Kxg5 45. Kc6 Kf6 46. Kxb6 Ke7 47. a5 Kd8 48. Bd5 Kc8 49. a6 1-0


[Site "https://www.chess.com"]

[Event "Titled Tuesday Blitz May 10 Late 2022"]
[White "Joubert, Dantelle"]
[Black "Perez Molina, Robinson"]
[WhiteFideId "14310813"]
[BlackFideId "3403882"]
[WhiteElo "1507"]
[BlackElo "2252"]
[Result "1-0"]
[Round "02"]
[TimeControl "180+1"]
[Date "2022.05.11"]
[WhiteClock "0:00:27"]
[BlackClock "0:00:01"]

1. Nf3 Nf6 2. c4 b6 3. g3 Bb7 4. Bg2 e6 5. O-O Be7 6. d4 O-O 7. Nc3 Ne4 8. Nxe4 Bxe4 9. b3 f5 10. Bb2 Bf6 11. Ne1 Bxg2 12. Nxg2 Nc6 13. Qd2 d6 14. d5 Bxb2 15. Qxb2 Ne5 16. dxe6 Qe7 17. Nf4 c6 18. h4 Rf6 19. Rad1 Ng6 20. Qd4 Nxf4 21. Qxf4 Rxe6 22. e3 Rf8 23. Rd2 Rff6 24. Rfd1 Re4 25. Qf3 g6 26. Rd4 h6 27. R1d2 g5 28. h5 Kg7 29. Qd1 Rxd4 30. Rxd4 a5 31. a3 Qe5 32. b4 axb4 33. axb4 Qe7 34. Qa4 c5 35. bxc5 bxc5 36. Rd2 Qf7 37. Qd1 f4 38. Rxd6 fxg3 39. fxg3 Rxd6 40. Qxd6 Qxh5 41. Qe5+ Kh7 42. Qf5+ Kg7 43. Qe5+ Kh7 44. Qe7+ Kh8 45. Qf8+ Kh7 46. Qxc5 Qd1+ 47. Kg2 Qe2+ 48. Kg1 Qd1+ 49. Kf2 1-0


[Site "https://www.chess.com"]